 Dungeon Crawl Stone Soup version 0.20-a0-893-g832831a (webtiles) character file.

1092 4thArraOfDagon the Chopper (level 8, -7/58 HPs)
             Began as a Mummy Chaos Knight on Mar 17, 2017.
             Mangled by a two-headed ogre
             ... wielding a +0 giant club
              (23 damage)
             ... on level 7 of the Dungeon.
             The game lasted 00:08:54 (2050 turns).

4thArraOfDagon the Chopper (Mummy Chaos Knight)     Turns: 2050, Time: 00:08:55

Health: -7/58      AC:  9    Str: 16    XL:     8   Next: 9%
Magic:  8/8        EV:  8    Int: 13    God:    Xom [..*...]
Gold:   247        SH:  0    Dex: 17    Spells: 7/7 levels left

rFire    x . .     SeeInvis .   n - +1 war axe (venom)
rCold    + + .     Gourm    .   h - +0 chain mail {rC+}
rNeg     + + +     Faith    .   (no shield)
rPois    ∞         Spirit   .   (no helmet)
rElec    .         Reflect  .   (no cloak)
rCorr    .         Harm     .   (no gloves)
MR       +....                  (no boots)
Stlth    ..........             (no amulet)
Regen    0.2/turn               (no ring)
MPRegen  0.2/turn               l - +6 ring of dexterity

@: very slightly contaminated, invisible
A: no food or potions, fire vulnerability, cold resistance 1, negative energy
resistance 3, torment resistance, unbreathing
a: Renounce Religion


You were on level 7 of the Dungeon.
You worshipped Xom.
You were a toy of Xom.
You were not hungry.

You visited 1 branch of the dungeon, and saw 8 of its levels.
You also visited: Sewer.

You collected 247 gold pieces.

Inventory:

Hand Weapons
 a - a +0 spear of chaos
 i - a +2 war axe of freezing
 n - a +1 war axe of venom (weapon)
Armour
 b - a +2 leather armour
 h - a +0 chain mail of cold resistance (worn)
 o - a +0 plate armour
Jewellery
 l - a +6 ring of dexterity (left hand)
 p - an uncursed ring of ice
Scrolls
 c - 4 scrolls of recharging {unknown}
 d - a scroll of magic mapping {unknown}
 e - 9 scrolls of identify {unknown}
 f - 2 scrolls of enchant weapon {unknown}
 g - 2 scrolls of remove curse {unknown}
 j - 2 scrolls of amnesia {unknown}
 k - a scroll of blinking {unknown}
 m - a scroll of fear {unknown}
 r - a scroll of teleportation {unknown}
Books
 q - a Young Poisoner's Handbook

   Spells                             Type                      Level
   a - Sting                          Conjuration/Poison           1
   b - Poisonous Vapours              Poison/Air                   2
   c - Mephitic Cloud                 Conjuration/Poison/Air       3
   d - Olgreb's Toxic Radiance        Poison                       4
   e - Venom Bolt                     Conjuration/Poison           5


   Skills:
 - Level 3.0 Fighting
 * Level 5.2(5.7) Axes
 - Level 3.0(4.6) Polearms
 + Level 4.1 Armour
 + Level 3.7 Dodging


You had 7 spell levels left.
You didn't know any spells.

Dungeon Overview and Level Annotations

Branches:
Dungeon (8/15)
 Temple: D:4-7         Lair: D:8-11

Altars:
Dithmenos
Fedhas
Hepliaklqana
Vehumet
Xom
The Shining One

Annotations:
D:5 Dowan, Duvessa


Innate Abilities, Weirdness & Mutations

You do not eat or drink.
Your flesh is vulnerable to fire.
You are immune to poison.
Your flesh is cold resistant. (rC+)
You are immune to negative energy. (rN+++)
You are immune to unholy pain and torment.
You can survive without breathing.


Message History

The two-headed ogre is moderately wounded.
The two-headed ogre barely misses you.
The two-headed ogre hits you with a giant club!
Unknown command.
Unknown command.
Your chain mail prevents you from hitting the two-headed ogre.
The two-headed ogre is heavily wounded.
The two-headed ogre hits you with a giant club!
* * * LOW HITPOINT WARNING * * *
The two-headed ogre hits you with a giant club.
* * * LOW HITPOINT WARNING * * *
Unknown command.
Unknown command.
Unknown command.
You slash the two-headed ogre!
The two-headed ogre looks as sick as possible!
The two-headed ogre is heavily wounded.
The two-headed ogre hits you with a giant club!!
You die...
Xom giggles madly!

####.#.#.#.#.#.#.#.#.#.#.####.#
..#.#.#.#.#.#.#.#.#.#.#.#
..##.#.#.#(#.#.......#.#.## .
..#.#.#.#.#.#.....#.#.##
.##.#.#.#.#.#.O.....#.#.# .
##.#.#.#.#.#.#.#.#.#.##
#.....#.#.#.#.#.#.#.#.#.#
......#.#.#.#.#.#.#.#.#.#.#
##....+#+#'#.#.#@#.#.#.#.##
..............#.#O#.#.#.#.#
#............#.#.#>#.#.#.#.#
#.............#.#.#.#.#.#..#
#........#.#.#÷#.#.#)#.#.#.#
.....#.#.#.#.#.#.#.#.#..#
......#######.######.##. #.....
.# # .... .#


You could see a two-headed ogre.

Vanquished Creatures
  Menkaure (D:7)
  An ice beast (D:7)
  2 ogres
  A big kobold (Sewer)
  2 bullfrogs
  A killer bee (D:8)
  A jelly (D:6)
  A centaur skeleton (D:7)
  A hound (D:7)
  2 orc wizards (D:8)
  An iguana (D:7)
  3 worker ants (D:4)
  A hound skeleton (D:7)
  7 adders
  2 river rats (Sewer)
  A white imp (D:5)
  An adder skeleton (D:7)
  A dart slug (D:1)
  2 leopard geckos
  8 orcs
  3 bats
  5 giant cockroaches
  A goblin (D:3)
  3 hobgoblins
  5 jackals
  21 kobolds
  A quokka (D:7)
  5 ball pythons (Sewer)
  2 frilled lizards
  2 goblin skeletons (D:5)
  3 hobgoblin zombies (D:5)
  4 kobold skeletons (D:5)
  A kobold zombie (D:5)
  An orc zombie (D:5)
  A quokka skeleton (D:4)
  23 rats
121 creatures vanquished.

Vanquished Creatures (collateral kills)
  A phantom (D:4)
  A kobold (Sewer)
2 creatures vanquished.

Vanquished Creatures (others)
  A hound (D:4)
  A jackal (D:4)
  A frilled lizard (D:4)
  A rat (D:2)
4 creatures vanquished.

Grand Total: 127 creatures vanquished

Notes
Turn   | Place    | Note
-------+----------+-------------------------------------------
     0 | D:1      | 4thArraOfDagon the Mummy Chaos Knight began the quest for the Orb.
     0 | D:1      | Reached XP level 1. HP: 18/18 MP: 1/1
     8 | D:1      | XOM: potion effect (curing)
    75 | D:1      | Reached skill level 1 in Dodging
   101 | D:2      | XOM: confuse monster(s)
   104 | D:2      | Reached XP level 2. HP: 24/24 MP: 2/2
   191 | D:2      | You fall through a shaft for 2 floors!
   206 | D:4      | Found a blossoming altar of Fedhas.
   234 | D:5      | Entered Level 5 of the Dungeon
   253 | D:5      | Reached XP level 3. HP: 26/29 MP: 3/3
   268 | D:5      | Noticed a scorpion
   294 | D:5      | Found a hazy altar of Hepliaklqana.
   345 | D:5      | Found a glowing golden altar of the Shining One.
   352 | D:5      | Found a shadowy altar of Dithmenos.
   358 | D:4      | XOM: destruction
   490 | D:2      | Found a radiant altar of Vehumet.
   532 | D:2      | Found a shimmering altar of Xom.
   551 | D:3      | You fall through a shaft!
   554 | D:4      | Noticed a phantom
   561 | D:4      | Reached skill level 1 in Axes
   561 | D:4      | Reached XP level 4. HP: 17/35 MP: 4/4
   562 | D:4      | XOM: summons friendly iron imp
   563 | D:4      | XOM: summons 4 friendly demons
   576 | D:4      | Killed a phantom
   576 | D:4      | Reached skill level 2 in Axes
   576 | D:4      | Reached XP level 5. HP: 23/41 MP: 5/5
   651 | D:5      | Noticed an orc warrior
   652 | D:5      | Noticed Duvessa
   652 | D:5      | Noticed Dowan
   801 | D:4      | Noticed an ogre
   867 | D:5      | XOM: summons friendly ufetubus
  1000 | D:6      | Found a glowing drain.
  1009 | D:6      | Reached skill level 3 in Axes
  1009 | D:6      | Reached XP level 6. HP: 25/47 MP: 6/6
  1029 | Sewer    | Entered a sewer
  1047 | Sewer    | XOM: harmless Conj miscast
  1048 | Sewer    | XOM: noise
  1119 | Sewer    | XOM: divination: detect items
  1179 | Sewer    | XOM: summons friendly ufetubus
  1202 | Sewer    | XOM: harmless Pois miscast
  1355 | D:7      | Reached XP level 7. HP: 34/52 MP: 7/7
  1373 | D:7      | Reached skill level 4 in Axes
  1483 | D:7      | Noticed Menkaure
  1489 | D:7      | Killed Menkaure
  1570 | D:7      | XOM: harmless Necr miscast
  1601 | D:7      | Noticed a two-headed ogre
  1629 | D:7      | XOM: potion effect (haste)
  1635 | D:7      | XOM: cleaving
  1644 | D:8      | Reached skill level 5 in Axes
  1692 | D:8      | Reached XP level 8. HP: 8/58 MP: 8/8
  2032 | D:8      | XOM: summons friendly crimson imp
  2043 | D:7      | XOM: potion effect (invisibility)
  2050 | D:7      | Mangled by a two-headed ogre

Vault maps used:
D:1:      dpeg_arrival_tiny_i
D:2:      xom_redecorated, fiery_altar_vehumet
D:3:      trog_eyes_of_draining
D:4:      fedhas_altar_4, dancing_weapons_uskayaw, lemuel_temple_firewalk_b,
          serial_shops, nicolae_shop_trees
D:5:      lemuel_blue_sif_altar, nicolae_overflow_crystal_walls,
          kennysheep_mini_moat, nicolae_dithmenos_through_a_glass_darkly,
          nicolae_tso_besieged_by_evil, first_bread, uniq_duvessa
D:6:      gup_sewer_entry_glass, serial_shops, nicolae_shop_stone
D:7:      lemuel_doored_altar, lemuel_round_altar, uniq_pikel, uniq_menkaure
D:8:      hangedman_pestilent_swarm, hex_tiny
Sewer:    sewer_minmay_treatment

Skill      XL: |  1  2  3  4  5  6  7 |
---------------+----------------------+-----
Dodging        | 1 2 3 |  3.7
Polearms       | 3 |  3.0
Armour         | 2 3 4 |  4.1
Axes           | 1 2 3 5 |  5.2
Fighting       | |  3.0

Action                   |  1- 3 |  4- 6 |  7- 9 || total
-------------------------+-------+-------+-------++-------
Melee: Spear             |    51 |       |       ||    51
       War axe           |    32 |   141 |    75 ||   248
 Stab: Paralysed         |     1 |       |       ||     1
Armor: Leather armour    |    11 |       |       ||    11
       Chain mail        |    36 |    99 |    51 ||   186
Dodge: Dodged            |    35 |    71 |    26 ||   132
